 Dungeon Crawl Stone Soup version 0.21-a0-633-g4c047d5 (console) character file.

97 removed the Conjurer (level 5, 28/28 HPs)
             Began as a Kobold Wizard on Dec 28, 2017.
             Was an Initiate of Sif Muna.
             Quit the game on level 3 of the Dungeon.
             The game lasted 00:04:36 (2774 turns).

removed the Conjurer (Kobold Wizard)                Turns: 2774, Time: 00:04:36

Health: 28/28      AC:  2    Str:  5    XL:     5   Next: 0%
Magic:  4/9        EV: 15    Int: 20    God:    Sif Muna [......]
Gold:   101        SH:  0    Dex: 13    Spells: 4/10 levels left

rFire    + . .     SeeInvis .   (weapon restricted)
rCold    . . .     Gourm    .   (shield restricted)
rNeg     . . .     Faith    +   a - +0 robe
rPois    .         Spirit   .   b - +0 hat
rElec    .         Reflect  .   (no cloak)
rCorr    .         Harm     .   (no gloves)
MR       .....                  (no boots)
Stlth    +++.......             r - amulet of faith
HPRegen  0.09/turn              i - ring of protection from fire
MPRegen  0.11/turn              o - ring of stealth

@: no status effects
A: small, carnivore
a: Renounce Religion


You were on level 3 of the Dungeon.
You worshipped Sif Muna.
Sif Muna was noncommittal.
You were completely stuffed.

You visited 1 branch of the dungeon, and saw 3 of its levels.

You collected 101 gold pieces.

Inventory:

Armour
 a - a +0 robe (worn)
 b - a +0 hat (worn)
Jewellery
 i - a ring of protection from fire (left hand)
 o - a ring of stealth (right hand)
 p - a +2 ring of strength
 r - an amulet of faith (around neck)
Wands
 q - a wand of iceblast (6)
Scrolls
 e - a scroll of noise {unknown}
 g - 2 scrolls of remove curse {unknown}
 j - a scroll of identify {unknown}
 m - 2 scrolls of fear {unknown}
 n - a scroll of blinking {unknown}
Potions
 h - a potion of flight {unknown}
 k - a potion of curing {unknown}
Books
 c - a book of Minor Magic

   Spells                             Type                      Level
   a - Magic Dart                     Conjuration                  1
   b - Blink                          Translocation                2
   c - Call Imp                       Summoning                    2
   d - Slow                           Hexes                        2
   e - Conjure Flame                  Conjuration/Fire             3
   f - Mephitic Cloud                 Conjuration/Poison/Air       3
Comestibles
 d - 6 rations
 s - a chunk of flesh


   Skills:
 - Level 2.4 Dodging
 - Level 2.6 Stealth
 - Level 3.2 Spellcasting
 + Level 4.3 Conjurations
   Level 1.0 Summonings
 - Level 1.0 Translocations


You had 4 spell levels left.
You knew the following spells:

 Your Spells              Type           Power        Failure   Level  Hunger
a - Magic Dart            Conj           ###.         2%          1    None
b - Conjure Flame         Conj/Fire      ##......     17%         3    ###....
l - Blink                 Tloc           N/A          14%         2    ##.....


Dungeon Overview and Level Annotations

Branches:
Dungeon (3/15)

Altars:
Cheibriados
Dithmenos
Makhleb
Okawaru
Qazlal
Sif Muna
Uskayaw
Wu Jian
Xom


Innate Abilities, Weirdness & Mutations

You are small and have problems with some larger weapons.
You are carnivorous and can eat meat at any time.


Message History

You kill the hobgoblin!
Sif Muna accepts your kill.
You have reached level 5!
You feel stronger. (m)acro, (M)acro raw, keymap [(k) default, (x) level-map, (t)argeting, (c)onfirm, m(e)nu], (s)ave?
Aborting.
Unknown command.
Saving game... please wait.
Welcome back, removed the Kobold Wizard.
Sif Muna whispers: I know many secrets...
Press ? for a list of commands and other information.
Quiver which item? (- for none, * to show all) (? for menu, Esc to quit)
Okay, then.
Are you sure you want to abandon this character and quit the game? (Confirm with "yes".)

#.# ..# #..# #.# #..#
#.# #..# #.# #..# #.#
#..# #.# #..# # ##.##
#..#####....
####...######...@......#
.....#.........###....>#
####...#####.### .)$..
##.## #.# ...# #.# #.#
... #.# #.# #. #.# ..#
#.# ###


There were no monsters in sight!

Vanquished Creatures
  3 adders (D:2)
  An ooze (D:2)
  An adder skeleton (D:2)
  A worm (D:2)
  2 dart slugs (D:1)
  3 leopard geckos
  3 bats
  2 giant cockroaches (D:2)
  A goblin (D:1)
  10 hobgoblins
  6 kobolds
  2 quokkas
  A ball python (D:2)
  3 frilled lizards
  16 rats
55 creatures vanquished.

Notes
Turn   | Place    | Note
-------+----------+-------------------------------------------
     0 | D:1      | removed the Kobold Wizard began the quest for the Orb.
     0 | D:1      | Reached XP level 1. HP: 10/10 MP: 4/4
   331 | D:1      | Reached skill level 2 in Conjurations
   331 | D:1      | Reached XP level 2. HP: 15/15 MP: 0/6
   704 | D:1      | Reached XP level 3. HP: 19/19 MP: 1/7
  1140 | D:1      | Reached skill level 3 in Conjurations
  1281 | D:1      | Learned a level 2 spell: Blink
  1797 | D:2      | Found a hide-covered altar of Uskayaw.
  1798 | D:2      | Found a snail-covered altar of Cheibriados.
  1798 | D:2      | Found a shadowy altar of Dithmenos.
  1798 | D:2      | Found a deep blue altar of Sif Muna.
  1804 | D:2      | Reached XP level 4. HP: 22/24 MP: 1/8
  1903 | D:2      | Found an iron altar of Okawaru.
  1970 | D:2      | Found an ornate altar of the Wu Jian Council.
  2107 | D:2      | Reached skill level 4 in Conjurations
  2257 | D:2      | Became a worshipper of Sif Muna the Loreminder
  2524 | D:2      | Found a hide-covered altar of Uskayaw.
  2527 | D:2      | Found a stormy altar of Qazlal.
  2527 | D:2      | Found a deep blue altar of Sif Muna.
  2530 | D:2      | Found a shimmering altar of Xom.
  2530 | D:2      | Found an iron altar of Okawaru.
  2530 | D:2      | Found a burning altar of Makhleb.
  2734 | D:3      | Learned a level 3 spell: Conjure Flame
  2773 | D:3      | Reached XP level 5. HP: 28/28 MP: 4/9
  2774 | D:3      | Quit the game

Vault maps used:
D:1:      tarquinn_simple_flora_water_f, minmay_rat_gold_closets
D:2:      grunt_temple_overflow_open, old_standard_altar, first_ration,
          doesnt_xom_only_xom
D:3:      tso_oasis_becter

Skill      XL: |  1  2  3  4 |
---------------+-------------+-----
Conjurations   | 2 3 4 |  4.3
Dodging        | |  2.4
Stealth        | |  2.6
Spellcasting   | |  3.2
Summonings     | |  1.0
Translocations | |  1.0

Action                   |  1- 3 |  4- 6 || total
-------------------------+-------+-------++-------
Melee: Unarmed           |       |     5 ||     5
 Cast: Magic Dart        |    87 |    51 ||   138
  Eat: Chunk             |    11 |     3 ||    14
Armor: Robe              |       |     1 ||     1
Dodge: Dodged            |     6 |     5 ||    11

Table legend:
 A = Spawn XP
 B = Non-spawn XP
 C = Spawn XP percentage of total XP
 D = Spawn monster count
 E = Non-spawn monster count
 F = Spawn count percentage of total count
 G = Total turns spent on level
                    A         B        C        D         E        F      G
               +---------+---------+-------+---------+---------+-------+---------
         Total |       0 |     139 |   0.0 |       0 |      55 |   0.0 |  2774
               +---------+---------+-------+---------+---------+-------+---------
           D:1 |       0 |      44 |   0.0 |       0 |      27 |   0.0 |  1345
           D:2 |       0 |      88 |   0.0 |       0 |      25 |   0.0 |  1382
           D:3 |       0 |       7 |   0.0 |       0 |       3 |   0.0 |    47
               +---------+---------+-------+---------+---------+-------+---------
